 Dungeon Crawl Stone Soup version 0.30-a0-715-gdb4ae3ece1 (webtiles) character file.

Game seed: 8619998466916159175

16 Bunnehwyld the Covered (level 2, 0/26 HPs)
             Began as an Armataur Fighter on Jan 23, 2023.
             Succumbed to a gnoll's poison
             ... on level 1 of the Dungeon.
             The game lasted 00:02:05 (436 turns).

Bunnehwyld the Covered (Armataur Fighter)            Turns: 436, Time: 00:02:06

Health: 0/26       AC:  7    Str: 21    XL:     2   Next: 41%
Magic:  2/2        EV:  7    Int:  8    God:
Gold:   43         SH:  4    Dex:  9    Spells: 1/1 levels left

rFire   . . .      SeeInvis .    a - +0 flail
rCold   . . .      Faith    .    c - +0 buckler
rNeg    . . .      Spirit   .    b - +0 scale mail
rPois   .          Reflect  .    (no helmet)
rElec   .          Harm     .    (no cloak)
rCorr   .          Roll     +    (no gloves)
Will    .....                    (no barding) Stlth
                                 (no amulet)
HPRegen 0.24/turn                (no ring)
MPRegen 0.08/turn                (no ring)

@: lethally poisoned (0 -> -33)
A: large, rugged brown scales 3, deformed body, armoured tail, roll, long
tongue, awkward tongue
a: no special abilities


You were on level 1 of the Dungeon.
You visited 1 branch of the dungeon, and saw 1 of its levels.

You collected 43 gold pieces.

Inventory:

Hand Weapons
 a - a +0 flail (weapon)
Armour
 b - a +0 scale mail (worn)
 c - a +0 buckler (worn)
Scrolls
 e - a scroll of immolation {unknown}
 f - a scroll of fear {unknown}
Potions
 d - a potion of might
 g - 2 potions of curing {unknown}


   Skills:
 - Level 2.6 Fighting
 * Level 2.3 Maces & Flails
 + Level 3.9 Armour
 + Level 3.5 Shields


You had one spell level left.
You didn't know any spells.
Your spell library was empty.

Dungeon Overview and Level Annotations

Branches:
Dungeon (1/15)

Altars:


Innate Abilities, Weirdness & Mutations

You are completely covered in rugged brown scales. (AC +3, +7% HP)
Armour fits poorly on your strangely shaped body.
You have a long armoured tail.
You roll when moving toward enemies. (Rampage)
Your long tongue fully drains potion bottles. (2x potion effects)
Your tongue gives you trouble enunciating. (1.5x scroll delay)


Message History

A gnoll comes into view. It is wielding a +0 whip of venom.
Unknown command.
Sorry, you're not good enough to have a special ability.
You roll towards the gnoll!
You hit the gnoll.
The gnoll is lightly wounded.
The gnoll hits you with a +0 whip of venom.
You closely miss the gnoll.
The gnoll is lightly wounded.
The gnoll hits you with a +0 whip of venom.
You are poisoned.
You hit the gnoll.
The gnoll is moderately wounded.
You feel very sick. The gnoll hits you but does no damage.
You are lethally poisoned!
The gnoll hits you with a +0 whip of venom.
You are more poisoned.
You are too injured to fight recklessly!
You are too injured to fight recklessly!
You are too injured to fight recklessly!
You are too injured to fight recklessly!
You are too injured to fight recklessly!
You are too injured to fight recklessly!
You are too injured to fight recklessly!
You are too injured to fight recklessly!
You are too injured to fight recklessly!
You are too injured to fight recklessly!
You are too injured to fight recklessly!
You are too injured to fight recklessly!
You are too injured to fight recklessly!
You are too injured to fight recklessly!
You are too injured to fight recklessly!
You are too injured to fight recklessly!
You are too injured to fight recklessly!
You are too injured to fight recklessly!
Unknown command.
You barely miss the gnoll. You tail-slap the gnoll.
The gnoll is heavily wounded.
You die...

#.# #.##.# #.#
#.##.#
#######.##.#.#.#
#...............
#.#####...###.##
#.# #...# #.#
#...# #.# #.....
#@# #..#..#
#.g.# #..#.##
#.....# ..# #
#.......#
#..........
#........###
#.#.....##
#......##


You could see a gnoll.

Vanquished Creatures
  A ball python (D:1)
  3 bats (D:1)
  3 endoplasms (D:1)
  2 goblins (D:1)
  A hobgoblin (D:1)
  4 frilled lizards (D:1)
  2 rats (D:1)
16 creatures vanquished.

Notes
Turn   | Place    | Note
-------+----------+-------------------------------------------
     0 | D:1      | Bunnehwyld the Armataur Fighter began the quest for the
                  | Orb.
     0 | D:1      | Reached XP level 1. HP: 19/19 MP: 1/1
   180 | D:1      | Reached XP level 2. HP: 16/26 MP: 2/2
   436 | D:1      | Succumbed to a gnoll's poison

Illustrated notes

Levels and vault maps discovered:
D:1:      lightli_arrival_chessboard, layout_loops_ring, grunt_decor_one_mirror,
          chequers_mini_garden

Skill      XL: |  1 |
---------------+----+-----
Maces & Flails | 2 |  2.3
Fighting       | |  2.6
Armour         | |  3.9
Shields        | |  3.5

Action                     || total
---------------------------++-------
  Melee: Flail             ||    57
         Tailslap          ||     4
 Armour: Scale mail        ||    27
  Dodge: Dodged            ||    22
  Block: Buckler           ||     8

Table legend: (Time is in decaauts)
 A = Elapsed time spent in this place.
 B = Non-inter-level travel time spent in this place.
 C = Inter-level travel time spent in this place.
 D = Time resting spent in this place.
 E = Time spent auto-exploring this place.
 F = Levels seen in this place.
 G = Mean time per level.
                   A        B        C        D        E       F      G
               +--------+--------+--------+--------+--------+-----+--------+
         Total |    454 |    454 |      0 |      0 |    197 |   1 |  454.0 |
       Dungeon |    454 |    454 |      0 |      0 |    197 |   1 |  454.0 |
               +--------+--------+--------+--------+--------+-----+--------+

Top non-repeatable levels by time:
     D:1: 454 daAuts
